 Dungeon Crawl Stone Soup version 0.23.2-1-ga50397a (webtiles) character file.

Game seed: 10445292047306163384

3399 dvd the Thaumaturge (level 9, -1/50 HPs)
             Began as a Deep Elf Venom Mage on May 1, 2019.
             Was a Follower of Vehumet.
             Slain by Joseph
             ... wielding a +0 quarterstaff
              (9 damage)
             ... on level 8 of the Dungeon.
             The game lasted 00:35:30 (7945 turns).

dvd the Thaumaturge (Deep Elf Venom Mage)           Turns: 7945, Time: 00:35:31

Health: -1/50      AC:  8    Str:  4 (5)  XL:     9   Next: 75%
Magic:  4/24       EV: 16    Int: 23 (24) God:    Vehumet [*.....]
Gold:   411        SH:  0    Dex: 15      Spells: 10/26 levels left

rFire    . . .     SeeInvis .   t - +2 falchion (slice)
rCold    . . .     Gourm    .   (no shield)
rNeg     . . .     Faith    .   a - +0 robe
rPois    .         Spirit   .   r - +2 helmet
rElec    .         Reflect  .   n - +2 cloak
rCorr    .         Harm     .   (no gloves)
MR       .....     Rnd*Tele +   (no boots)
Stlth    +++.......             k - amulet of regeneration
HPRegen  0.56/turn              i - ring of teleportation (curse)
MPRegen  0.19/turn              (no ring)

@: no status effects
A: no striking features
a: Renounce Religion


You were on level 8 of the Dungeon.
You worshipped Vehumet.
Vehumet was aware of your devotion.
You were not hungry.

You visited 2 branches of the dungeon, and saw 9 of its levels.
You also visited: Sewer.

You collected 411 gold pieces.

Inventory:

Hand Weapons
 e - a +1 dagger of draining
 g - a +2 quarterstaff of chaos
 t - a +2 falchion of slicing (weapon)
 v - a +2 dagger of chaos
Armour
 a - a +0 robe (worn)
 l - a +0 hat
 n - a +2 cloak (worn)
 r - a +2 helmet (worn)
Jewellery
 i - a cursed ring of teleportation (left hand)
 k - an amulet of regeneration (around neck)
 y - a +3 amulet of reflection
Wands
 x - a wand of paralysis (1)
Scrolls
 d - 2 scrolls of immolation
 f - 2 scrolls of teleportation
 h - 3 scrolls of identify
 o - a scroll of enchant armour
Potions
 b - 2 potions of mutation
 m - 3 potions of brilliance
 p - 5 potions of heal wounds
 s - 2 potions of flight
 w - 2 potions of curing
 z - a potion of magic
Comestibles
 c - 9 rations


   Skills:
 + Level 3.0 Fighting
 + Level 2.1(4.3) Short Blades
 + Level 5.3(5.5) Long Blades
 + Level 6.0 Dodging
 + Level 5.1 Stealth
 + Level 9.2 Spellcasting
 + Level 2.7 Conjurations
 + Level 0.1 Ice Magic
 + Level 3.6 Air Magic
 + Level 7.2 Poison Magic


You had 10 spell levels left.
You knew the following spells:

 Your Spells              Type           Power        Failure   Level  Hunger
a - Sting                 Conj/Pois      ####         1%          1    None
b - Poisonous Vapours     Pois/Air       #####.       1%          2    None
c - Mephitic Cloud        Conj/Pois/Air  ####....     2%          3    None
d - Olgreb's Toxic Radia  Pois           #####...     3%          4    ##.....
e - Venom Bolt            Conj/Pois      ####......   22%         5    ####...
f - Freeze                Ice            ##..         6%          1    None

Your spell library contained the following spells:

 Spells                   Type           Power        Failure   Level  Hunger


Dungeon Overview and Level Annotations

Branches:
Dungeon (8/15)             Temple (1/1) D:5
   Lair: D:8-11

Altars:
Ashenzari
Cheibriados
Dithmenos
Elyvilon
Fedhas
Gozag
Hepliaklqana
Kikubaaqudgha
Makhleb
Nemelex Xobeh
Okawaru
Qazlal
Ru
Sif Muna
Trog
Uskayaw
Vehumet
Wu Jian
Xom
Zin
The Shining One

Shops:
D:5 *   D:6 %

Annotations:
D:8 exclusion: obsidian statue, Erica, Joseph


Message History

Joseph is severely wounded.
Joseph looks even sicker.
Your toxic aura wanes.
Joseph hits you with a +0 quarterstaff.
You hit Joseph.
Joseph is severely wounded.
Joseph completely misses you.
You hit Joseph but do no damage.
Joseph is almost dead.
Joseph barely misses you.
You riposte.
You hit Joseph.
Joseph is almost dead.
You hit Joseph.
Joseph is almost dead.
Joseph hits you with a +0 quarterstaff!
* * * LOW HITPOINT WARNING * * *
Unknown command.
You hit Joseph.
Joseph is almost dead.
Joseph hits you with a +0 quarterstaff!
You die...

. ..## . ....## )
..........#### ..
#...(........###..#
#.@#............#
#...##.........#
#...###.......#
#...####.)...#
#...##@@..##..#
#(....#### #..####
#.## #.## #.. #..#
...# ..#


You could see Joseph (confused).

Vanquished Creatures
  Harold (D:7)
  Eustachio (D:5)
  Edmund (D:5)
  Menkaure (D:5)
  A hungry ghost (D:7)
  4 ice beasts
  A phantom (D:8)
  An ogre (D:7)
  2 centaurs
  A big kobold (Sewer)
  A bullfrog (D:7)
  A wyvern zombie (D:7)
  2 scorpions
  4 howler monkeys
  5 crimson imps
  Crazy Yiuf (D:6)
  5 orc priests
  2 hounds
  6 orc wizards
  2 iguanas
  3 worker ants
  A hound zombie (D:6)
  A hound skeleton (D:4)
  Robin (D:2)
  8 adders
  3 gnolls (D:3)
  3 river rats
  A shadow imp (D:5)
  An adder skeleton (D:7)
  5 worms
  4 dart slugs
  4 leopard geckos
  20 orcs
  6 bats
  9 giant cockroaches
  19 goblins
  16 hobgoblins
  10 jackals
  4 quokkas
  3 ball pythons
  5 frilled lizards
  A jackal zombie (D:6)
  11 kobolds
  A leopard gecko skeleton (D:7)
  2 quokka skeletons (D:4)
  13 rats
  A fungus (D:7)
199 creatures vanquished.

Notes
Turn   | Place    | Note
-------+----------+-------------------------------------------
     0 | D:1      | dvd the Deep Elf Venom Mage began the quest for the Orb.
     0 | D:1      | Reached XP level 1. HP: 10/10 MP: 6/6
   166 | D:1      | Reached XP level 2. HP: 9/15 MP: 1/8
   386 | D:1      | Learned a level 2 spell: Poisonous Vapours
  1150 | D:2      | Reached XP level 3. HP: 19/19 MP: 4/9
  1155 | D:2      | Learned a level 3 spell: Mephitic Cloud
  1489 | D:2      | Noticed Robin
  1494 | D:2      | Reached XP level 4. HP: 24/24 MP: 1/11
  1607 | D:2      | Found a glowing golden altar of the Shining One.
  1608 | D:2      | Found a burning altar of Makhleb.
  1608 | D:2      | Found an ornate altar of the Wu Jian Council.
  1797 | D:2      | Killed Robin
  2009 | D:2      | Reached skill level 4 in Spellcasting
  2250 | D:2      | Learned a level 4 spell: Olgreb's Toxic Radiance
  2629 | D:3      | Reached XP level 5. HP: 28/28 MP: 1/13
  2826 | D:2      | Reached skill level 1 in Air Magic
  3242 | D:3      | Found an iron altar of Okawaru.
  3243 | D:3      | Found a bloodstained altar of Trog.
  3245 | D:3      | Reached skill level 5 in Spellcasting
  3246 | D:3      | Reached skill level 1 in Short Blades
  3396 | D:3      | Found a hazy altar of Hepliaklqana.
  3398 | D:3      | Found a shimmering altar of Xom.
  3398 | D:3      | Noticed an insubstantial wisp
  3399 | D:3      | Noticed an insubstantial wisp
  3399 | D:3      | Noticed a spectral ugly thing
  3744 | D:4      | Reached XP level 6. HP: 25/33 MP: 2/15
  3765 | D:4      | Noticed an ice beast
  3912 | D:4      | Reached skill level 5 in Poison Magic
  3977 | D:4      | Found a glowing drain.
  4015 | D:4      | Found an ancient bone altar of Kikubaaqudgha.
  4061 | Sewer    | Entered a sewer
  4137 | Sewer    | Reached skill level 1 in Fighting
  4137 | Sewer    | Reached skill level 6 in Spellcasting
  4137 | Sewer    | Reached XP level 7. HP: 34/38 MP: 5/18
  4230 | Sewer    | Found a glowing silver altar of Zin.
  4430 | D:4      | Found a shimmering altar of Xom.
  4743 | D:5      | Entered Level 5 of the Dungeon
  4763 | D:5      | Found Gozag's Platinum Reserve.
  4771 | D:5      | Noticed Eustachio
  4791 | D:5      | HP: 1/38 [shadow imp[Eustachio] (3)]
  4796 | D:5      | Killed Eustachio
  4874 | D:4      | Found a snail-covered altar of Cheibriados.
  4977 | D:5      | Found an opulent altar of Gozag.
  5044 | D:5      | Found a staircase to the Ecumenical Temple.
  5088 | D:5      | Reached skill level 7 in Spellcasting
  5348 | D:6      | Found Voduw's Food Shop.
  5430 | D:6      | Reached XP level 8. HP: 26/43 MP: 4/20
  5445 | D:6      | Reached skill level 1 in Long Blades
  5573 | D:5      | Found a stormy altar of Qazlal.
  5609 | D:5      | Noticed Menkaure
  5617 | D:5      | Killed Menkaure
  5712 | D:6      | Learned a level 5 spell: Venom Bolt
  5877 | D:6      | Found a runed translucent door.
  5878 | D:6      | Noticed Crazy Yiuf
  5890 | D:6      | Killed Crazy Yiuf
  5996 | Temple   | Entered the Ecumenical Temple
  6067 | Temple   | Became a worshipper of Vehumet
  6245 | D:5      | Noticed Edmund
  6462 | D:4      | Found a deep blue altar of Sif Muna.
  6722 | D:5      | Reached skill level 5 in Dodging
  6866 | D:5      | Killed Edmund
  7067 | D:6      | Reached skill level 8 in Spellcasting
  7171 | D:7      | Reached XP level 9. HP: 49/49 MP: 12/23
  7319 | D:7      | Found a blossoming altar of Fedhas.
  7388 | D:7      | Noticed Harold
  7407 | D:7      | Killed Harold
  7407 | D:7      | Reached skill level 5 in Stealth
  7621 | D:7      | Reached skill level 9 in Spellcasting
  7763 | D:8      | Reached * piety under Vehumet
  7763 | D:8      | Offered knowledge of Freeze by Vehumet.
  7766 | D:8      | Learned a level 1 spell: Freeze
  7825 | D:8      | Reached skill level 5 in Long Blades
  7840 | D:8      | Noticed an obsidian statue
  7911 | D:8      | Noticed Erica
  7912 | D:8      | Noticed Joseph
  7945 | D:8      | Slain by Joseph

Skill      XL: |  1  2  3  4  5  6  7  8  9 |
---------------+----------------------------+-----
Poison Magic   | 4 5 6 7 |  7.2
Stealth        | 3 4 5 |  5.1
Spellcasting   | 4 5 6 7 8 9 |  9.2
Air Magic      | 1 2 3 |  3.6
Short Blades   | 1 2 |  2.1
Dodging        | 3 4 5 6 |  6.0
Conjurations   | 2 |  2.7
Fighting       | 1 2 3 |  3.0
Long Blades    | 3 5 |  5.3
Ice Magic      | |  0.1

Action                   |  1- 3 |  4- 6 |  7- 9 || total
-------------------------+-------+-------+-------++-------
Melee: Dagger            |    12 |    92 |    34 ||   138
       Short sword       |       |       |   117 ||   117
       Falchion          |       |       |   326 ||   326
 Cast: Sting             |    28 |    34 |    18 ||    80
       Poisonous Vapours |    19 |    38 |    43 ||   100
       Mephitic Cloud    |     3 |     5 |     7 ||    15
       Olgreb's Toxic Ra |       |    16 |    16 ||    32
       Freeze            |       |       |     2 ||     2
       Venom Bolt        |       |       |     1 ||     1
  Use: Scroll            |       |     9 |     6 ||    15
       Potion            |       |       |     7 ||     7
 Stab: Sleeping          |     3 |     6 |     5 ||    14
       Confused          |       |     4 |     3 ||     7
  Eat: Chunk             |     2 |    12 |    11 ||    25
       Ration            |       |       |     4 ||     4
Armor: Robe              |     9 |    24 |   131 ||   164
       Skin              |       |       |    22 ||    22
Dodge: Dodged            |    19 |    84 |   317 ||   420
       Rpst.: Falchion   |       |       |    72 ||    72
